 Dungeon Crawl Stone Soup version 0.18.1-6-gd335043 (webtiles) character file.

47805 MTVSty1e the Warrior (level 14, 0/135 HPs)
             Began as a Minotaur Fighter on May 19, 2016.
             Was a High Priest of Trog.
             Slain by a polar bear (20 damage)
             ... on level 8 of the Lair of Beasts.
             The game lasted 01:03:09 (21542 turns).

MTVSty1e the Warrior (Minotaur Fighter)            Turns: 21542, Time: 01:03:10

Health: 0/135      AC: 20    Str: 30    XL:     14   Next: 9%
Magic:  5/5        EV: 12    Int:  5    God:    Trog [*****.]
Gold:   1180       SH:  0    Dex: 11    Spells: 0 memorised, 13 levels left

rFire  . . .     SeeInvis +     n - +5 executioner's axe (antimagic)
rCold  . . .     Gourm    .     M - +0 plate armour
rNeg   . . .     Faith    +     (shield currently unavailable)
rPois  +         Spirit   .     (helmet restricted)
rElec  .         Dismiss  .     i - +0 cloak
rCorr  .         Reflect  .     e - +0 pair of gloves
SustAt .         Harm     .     y - +1 pair of boots
MR     +....                    d - amulet of faith
Stlth  ..........               T - ring of poison resistance
                                r - ring of see invisible

@: mighty, exhausted, slowed, very slow, somewhat resistant to hostile
enchantments, extremely unstealthy
A: retaliatory headbutt, horns 2
a: Berserk, Trog's Hand, Brothers in Arms, Burn Spellbooks, Renounce Religion


You were on level 8 of the Lair of Beasts.
You worshipped Trog.
Trog was extremely pleased with you.
You were not hungry.

You visited 3 branches of the dungeon, and saw 21 of its levels.
You also visited: Ossuary.

You collected 1180 gold pieces.

Inventory:

Hand Weapons
 n - a +5 antimagic executioner's axe (weapon)
 u - a +1 spear of piercing
 N - a +2 hand axe of chopping
 O - a +3 antimagic demon trident
 Y - a +1 trident of flaming
Armour
 e - a +0 pair of gloves (worn)
 i - a +0 cloak (worn)
 y - a +1 pair of boots (worn)
 M - a +0 plate armour (worn)
 Q - a +0 large shield
Jewellery
 d - an amulet of faith (around neck)
 r - a ring of see invisible (left hand)
 t - an uncursed ring of fire
 T - a ring of poison resistance (right hand)
 X - the amulet of Eniofoj {Dismiss rElec}
   (You found it on level 2 of the Lair of Beasts)

   [amulet of dismissal]

   It may teleport away creatures that harm you.
   It insulates you from electricity.
Wands
 a - a wand of teleportation (1/9)
 f - a wand of confusion (17/48)
 q - a wand of slowing (30/48)
 s - a wand of acid (5/15)
 z - a wand of enslavement (7/24)
 A - a wand of lightning (10/15)
 K - a wand of iceblast (9/15)
 R - a wand of digging (15/24)
 S - a wand of disintegration (13/24)
 Z - a wand of flame (24/48)
Scrolls
 c - 2 scrolls of enchant armour
 g - 3 scrolls of blinking
 h - 10 scrolls of recharging
 B - 2 scrolls of identify
 C - 8 scrolls of remove curse
 D - 4 scrolls of fear
 E - 2 scrolls of fog
 J - 4 scrolls of teleportation
 L - a scroll of enchant weapon
 P - 4 scrolls of magic mapping
Potions
 b - 3 potions of haste
 j - 2 potions of lignification
 k - 2 potions of cancellation
 m - 7 potions of curing
 p - 2 potions of agility
 v - 2 potions of cure mutation
 w - 2 potions of invisibility
 x - 4 potions of berserk rage
 G - 2 potions of brilliance
 H - a potion of flight
 I - a potion of resistance {unknown}
 V - a potion of magic {unknown}
 W - a potion of beneficial mutation {unknown}
Comestibles
 l - 8 meat rations
 o - 18 fruits
 U - 4 slices of pizza


   Skills:
 * Level 15.2 Fighting
 + Level 9.9(12.0) Axes
 - Level 11.2(12.6) Polearms
 + Level 11.3 Armour
 + Level 10.5 Dodging
 + Level 11.1 Shields
 - Level 6.5 Evocations


You had 13 spell levels left.
You didn't know any spells.

Dungeon Overview and Level Annotations

Branches:
Dungeon (12/15)            Temple (1/1) D:7            Lair (8/8) D:8
  Swamp (0/4) Lair:5        Snake (0/4) Lair:6        Slime (0/6) Lair:7
    Orc (0/2) D:11

Altars:
Ashenzari
Cheibriados
Dithmenos
Elyvilon
Fedhas
Gozag
Kikubaaqudgha
Makhleb
Nemelex Xobeh
Okawaru
Pakellas
Ru
Sif Muna
Trog
Vehumet
Xom
Yredelemnul
Zin
The Shining One
Lugonu

Shops:
D:8 }   D:9 :

Portals:
Trove: D:10 (give wand of heal wounds (9))


Innate Abilities, Weirdness & Mutations

You reflexively headbutt those who attack you in melee.
You have a pair of horns on your head.


Message History

A polar bear is nearby!
The polar bear bites you!
* * * LOW HITPOINT WARNING * * *
The polar bear claws you but does no damage. x2
The polar bear bites you!
* * * LOW HITPOINT WARNING * * *
The polar bear claws you but does no damage. x2
You hear an angry growl. x3
You slash the polar bear!
The polar bear is almost dead.
The polar bear bites you but does no damage.
The polar bear claws you but does no damage.
The polar bear barely misses you.
The polar bear bites you but does no damage.
The polar bear claws you but does no damage. x2
The polar bear closely misses you. x2; The polar bear claws you.
* * * LOW HITPOINT WARNING * * *
Drink which item? (? for menu, Esc to quit)
You feel better. The polar bear bites you!!
You die...

# ## . # .h. ##.#.. # ...
##...... # .... ##..... ##
.h... #.... #. ...# #.†#
## ##.%####†.####### ##
.##....#h@†.#...#.#### #.
......hh#....†...#...####.
.###....#.#............#..
#%...#.##.#.#.#.....#...
#.#..#P##########...#....
# #.### ####..... ##
##..... ##P..P..
###.......


You could see a polar bear (berserk) and 2 black bears.

Vanquished Creatures
  The ghost of Gorice the Carver, a journeyman HuFi of the Shining One (D:10)
  A naga warrior (Lair:6)
  2 hydras
  7 death yaks (Lair:8)
  A shock serpent (Lair:6)
  Nergalle (D:11)
  A lindwurm (Lair:7)
  A griffon (Lair:8)
  An ugly thing (D:11)
  A cyclops (D:9)
  6 black mambas
  Maurice (D:8)
  12 elephants
  A torpor snail (Lair:8)
  8 spiny frogs
  4 komodo dragons (Lair:8)
  The ghost of Gorice the Slasher, a novice HuFi (D:5)
  7 rime drakes
  A gargoyle (D:11)
  3 trolls (D:9)
  3 polar bears (Lair:8)
  A two-headed ogre (D:11)
  Prince Ribbit (D:8)
  Grinder (D:6)
  A raiju (Lair:8)
  3 boulder beetles
  A spriggan (Lair:4)
  A human (D:10)
  A basilisk (Lair:5)
  A steam dragon (Lair:8)
  49 yaks
  9 hippogriffs
  A warg (Lair:8)
  3 mottled dragons
  7 nagas (Lair:6)
  8 porcupines
  A swamp drake (Lair:8)
  2 hell hounds (Lair:8)
  12 water moccasins
  3 orc warriors
  3 ice beasts
  10 black bears
  6 ogres
  7 sky beasts
  14 wolves
  6 centaurs
  A phantom (D:8)
  18 crocodiles
  A big kobold (D:11)
  A gnoll sergeant (D:10)
  18 giant frogs
  A water moccasin zombie (Ossuary)
  7 scorpions
  4 killer bees (D:8)
  2 howler monkeys
  2 vampire bats (Lair:6)
  2 bog bodies (Ossuary)
  An electric eel (D:7)
  3 giant frog zombies (Ossuary)
  5 centaur zombies
  A crimson imp (D:5)
  A jelly (D:11)
  2 quasits
  10 hounds
  12 orc wizards
  2 centaur skeletons
  A giant frog skeleton (D:11)
  5 orc priests
  7 iguanas
  6 worker ants
  3 killer bee zombies (Ossuary)
  14 sheep
  A hound zombie (D:7)
  A hound skeleton (D:9)
  12 mummies (Ossuary)
  8 worker ant zombies
  10 gnolls
  A howler monkey skeleton (D:10)
  11 adders
  49 river rats
  3 shadow imps
  An adder zombie (Ossuary)
  3 worms
  2 dart slugs
  5 giant geckos
  51 orcs
  6 giant cockroaches
  7 hobgoblins
  9 jackals
  7 quokkas
  2 ball pythons
  13 bats
  2 giant newts (D:6)
  18 goblins
  2 jackal zombies (Ossuary)
  14 kobolds
  A quokka zombie (Ossuary)
  3 rats
  5 fungi (Lair:8)
  3 plants
  A withered plant (Ossuary)
597 creatures vanquished.

Vanquished Creatures (others)
  2 yaks (Lair:8)
  A hound (Lair:8)
  24 fungi
  33 plants
  A withered plant (Ossuary)
61 creatures vanquished.

Grand Total: 658 creatures vanquished

Notes
Turn   | Place    | Note
--------------------------------------------------------------
     0 | D:1      | MTVSty1e the Minotaur Fighter began the quest for the Orb.
     0 | D:1      | Reached XP level 1. HP: 19/19 MP: 0/0
    55 | D:1      | Reached XP level 2. HP: 21/27 MP: 1/1
   764 | D:2      | Reached skill level 1 in Dodging
   785 | D:2      | Reached skill level 4 in Fighting
   785 | D:2      | Reached XP level 3. HP: 33/33 MP: 2/2
  1311 | D:3      | Reached XP level 4. HP: 41/41 MP: 3/3
  1409 | D:3      | Reached XP level 5. HP: 28/47 MP: 4/4
  1418 | D:3      | Reached skill level 5 in Fighting
  1805 | D:3      | Noticed an ogre
  1824 | D:3      | Killed an ogre
  1824 | D:3      | Reached skill level 1 in Polearms
  1824 | D:3      | Reached XP level 6. HP: 39/56 MP: 5/5
  2289 | D:4      | Reached skill level 5 in Shields
  2327 | D:4      | Reached XP level 7. HP: 31/62 MP: 6/6
  2513 | D:4      | Reached skill level 6 in Fighting
  2746 | D:4      | Found an iron altar of Okawaru.
  2931 | D:4      | Found a shimmering altar of Xom.
  3147 | D:5      | Entered Level 5 of the Dungeon
  3200 | D:5      | Reached skill level 5 in Armour
  3434 | D:5      | Reached XP level 8. HP: 71/71 MP: 7/7
  3442 | D:5      | Reached skill level 7 in Fighting
  3609 | D:5      | Noticed Gorice's ghost (novice HuFi)
  3630 | D:5      | Killed Gorice's ghost
  3630 | D:5      | Reached skill level 5 in Axes
  3630 | D:5      | Reached skill level 5 in Polearms
  3854 | D:5      | Found a shattered altar of Ashenzari.
  4049 | D:6      | Found a sand-covered staircase.
  4057 | Ossuary  | Entered an ossuary
  4194 | Ossuary  | Reached skill level 8 in Fighting
  4519 | Ossuary  | Reached XP level 9. HP: 81/81 MP: 8/8
  4535 | Ossuary  | Reached skill level 5 in Dodging
  5131 | D:6      | Noticed Grinder
  5142 | D:6      | Killed Grinder
  5399 | D:7      | Found a staircase to the Ecumenical Temple.
  5452 | Temple   | Entered the Ecumenical Temple
  5469 | Temple   | Became a worshipper of Trog the Wrathful
  6061 | D:7      | Reached skill level 9 in Fighting
  6379 | D:7      | Reached * piety under Trog
  6711 | D:8      | Noticed Maurice
  6754 | D:8      | Killed Maurice
  6766 | D:8      | Found Rudivobe's Gadget Shop.
  6860 | D:8      | Noticed Prince Ribbit
  6882 | D:8      | Killed Prince Ribbit
  6882 | D:8      | Reached XP level 10. HP: 65/91 MP: 9/9
  7237 | D:8      | Reached skill level 1 in Evocations
  7327 | D:8      | Reached skill level 10 in Fighting
  7604 | D:8      | Found a staircase to the Lair.
  7613 | D:8      | Found a deep blue altar of Sif Muna.
  7616 | D:8      | You fall through a shaft for 3 floors!
  7626 | D:11     | Reached ** piety under Trog
  7628 | D:11     | Noticed a white ugly thing
  7639 | D:11     | Killed a white ugly thing
  7851 | D:11     | Found a staircase to the Orcish Mines.
  8105 | D:11     | Noticed a five-headed hydra
  8113 | D:11     | Killed a five-headed hydra
  8163 | D:11     | Noticed Nergalle
  8217 | D:11     | Killed Nergalle
  8417 | D:11     | Reached *** piety under Trog
  8489 | D:11     | Noticed a gargoyle
  8494 | D:11     | Killed a gargoyle
  8494 | D:11     | Reached XP level 11. HP: 101/101 MP: 12/12
  8784 | D:10     | Entered Level 10 of the Dungeon
  8905 | D:10     | Noticed Gorice's ghost (journeyman HuFi)
  9044 | D:10     | Found a portal to a secret trove of treasure.
  9321 | D:10     | Reached skill level 11 in Fighting
  9376 | D:10     | Killed Gorice's ghost
  9564 | D:10     | Reached **** piety under Trog
  9588 | D:10     | Gained mutation: You are robust (+10% HP). [mutagenic meat]
  9589 | D:10     | Lost mutation: You are robust (+10% HP). [mutagenic meat]
  9590 | D:10     | Gained mutation: Your spells are a little harder to cast, but a little more powerful. [mutagenic meat]
  9591 | D:10     | Gained mutation: Scrolls take you a little longer to read. [mutagenic meat]
  9592 | D:10     | Gained mutation: You are surrounded by a mild repulsion field (EV +2). [mutagenic meat]
  9593 | D:10     | Lost mutation: Scrolls take you a little longer to read. [potion of cure mutation]
  9593 | D:10     | Lost mutation: Your spells are a little harder to cast, but a little more powerful. [potion of cure mutation]
  9593 | D:10     | Lost mutation: You are surrounded by a mild repulsion field (EV +2). [potion of cure mutation]
  9594 | D:10     | Gained mutation: You are partially covered in thin metallic scales (AC +2). [mutagenic meat]
  9966 | D:9      | Found a blossoming altar of Fedhas.
 10072 | D:9      | Found a glowing golden altar of the Shining One.
 10131 | D:9      | Found an oddly glowing altar of Pakellas.
 10180 | D:9      | Found a radiant altar of Vehumet.
 10919 | D:9      | Found Uca Lufa's Book Emporium.
 11359 | D:8      | Found a white marble altar of Elyvilon.
 11363 | D:8      | Found an opulent altar of Gozag.
 11363 | D:8      | Found a sacrificial altar of Ru.
 11371 | D:8      | Found a shadowy altar of Dithmenos.
 11528 | D:12     | Noticed a deep elf mage
 11528 | D:12     | Noticed a rakshasa
 11528 | D:12     | Noticed a tengu warrior
 11612 | Lair:1   | Entered Level 1 of the Lair of Beasts
 11736 | Lair:1   | Reached skill level 10 in Polearms
 11968 | Lair:1   | Reached ***** piety under Trog
 12410 | Lair:1   | Reached skill level 5 in Evocations
 12850 | Lair:2   | Got a scorched silver amulet
 13336 | Lair:2   | Received a gift from Trog
 13563 | Lair:2   | Reached XP level 12. HP: 112/112 MP: 15/15
 14227 | Lair:3   | Reached skill level 12 in Fighting
 14341 | Lair:3   | Identified the amulet of Eniofoj {Dismiss rElec} (You found it on level 2 of the Lair of Beasts)
 15460 | Lair:4   | Received a gift from Trog
 15465 | Lair:4   | Got an ivory glaive {god gift}
 15473 | Lair:4   | Identified the +3 glaive of Anestu {drain, rF+ Int+4} (Trog gifted it to you on level 4 of the Lair of Beasts)
 16097 | Lair:5   | Found a staircase to the Swamp.
 16471 | Lair:5   | Identified a scroll of acquirement
 16734 | Lair:6   | Found a staircase to the Snake Pit.
 16734 | Lair:6   | Noticed a naga warrior
 16800 | Lair:6   | Killed a naga warrior
 16800 | Lair:6   | Reached skill level 13 in Fighting
 16804 | Lair:6   | Reached skill level 10 in Armour
 17958 | Lair:7   | Received a gift from Trog
 17971 | Lair:7   | Reached XP level 13. HP: 122/122 MP: 16/16
 18027 | Lair:7   | Reached skill level 10 in Shields
 19108 | Lair:7   | Found a staircase to the Slime Pits.
 19188 | Lair:8   | Entered Level 8 of the Lair of Beasts
 19202 | Lair:8   | Reached skill level 14 in Fighting
 19386 | Lair:8   | Received a gift from Trog
 19857 | Lair:8   | Reached skill level 10 in Dodging
 20200 | Lair:8   | Lost mutation: You are partially covered in thin metallic scales (AC +2). [potion of mutation]
 20200 | Lair:8   | Gained mutation: Your spells are a little easier to cast, but a little less powerful. [potion of mutation]
 20200 | Lair:8   | Gained mutation: You are dopey. (Int -2) [potion of mutation]
 20201 | Lair:8   | Lost mutation: You are dopey. (Int -2) [potion of cure mutation]
 20201 | Lair:8   | Lost mutation: Your spells are a little easier to cast, but a little less powerful. [potion of cure mutation]
 20202 | Lair:8   | Gained mutation: You are agile. (Dex +2) [potion of mutation]
 20202 | Lair:8   | Gained mutation: You are frail (-10% HP). [potion of mutation]
 20203 | Lair:8   | Lost mutation: You are agile. (Dex +2) [potion of cure mutation]
 20203 | Lair:8   | Lost mutation: You are frail (-10% HP). [potion of cure mutation]
 20825 | Lair:8   | Reached skill level 15 in Fighting
 21190 | Lair:8   | Received a gift from Trog
 21192 | Lair:8   | Reached XP level 14. HP: 119/135 MP: 17/17
 21542 | Lair:8   | Slain by a polar bear

Skill      XL: |  1  2  3  4  5  6  7  8  9 10 11 12 13 |
---------------+----------------------------------------+-----
Dodging        | 1 2 3 4 6 7 8 9 10 | 10.5
Fighting       | 4 5 6 8 9 10 11 13 15 | 15.2
Axes           | 3 4 5 6 7 8 9 |  9.9
Armour         | 4 5 6 7 8 10 11 | 11.3
Shields        | 4 5 6 7 8 9 11 | 11.1
Polearms       | 1 2 4 5 7 9 10 11 | 11.2
Evocations     | 3 5 6 |  6.5

Action                   |  1- 3 |  4- 6 |  7- 9 | 10-12 | 13-15 || total
-------------------------+-------+-------+-------+-------+-------++-------
Melee: War axe           |    88 |    42 |       |       |       ||   130
       Headbutt          |     8 |    18 |   102 |   319 |   160 ||   607
       Spear             |       |    79 |   540 |  1437 |       ||  2056
       Hand axe          |       |       |       |    34 |   476 ||   510
       Trident           |       |       |       |       |     8 ||     8
       Executioner's axe |       |       |       |       |    44 ||    44
Invok: Burn Spellbooks   |       |       |     1 |     1 |     2 ||     4
       Berserk           |       |       |       |    10 |     7 ||    17
       Trog's Hand       |       |       |       |     6 |     7 ||    13
Evoke: Wand              |       |       |       |       |     2 ||     2
  Use: Scroll            |     8 |     5 |    13 |    11 |     3 ||    40
       Potion            |       |     1 |     1 |     9 |     9 ||    20
 Stab: Distracted        |       |       |     1 |       |       ||     1
  Eat: Bread ration      |     1 |       |     3 |     5 |     2 ||    11
       Beef jerky        |       |       |     3 |     1 |     3 ||     7
       Meat ration       |       |       |       |     3 |     1 ||     4
       Pizza             |       |       |       |     2 |     4 ||     6
       Chunk             |       |       |       |     6 |       ||     6
       Royal jelly       |       |       |       |     1 |       ||     1
Armor: Scale mail        |    38 |    22 |   102 |       |       ||   162
       Plate armour      |       |       |     9 |   375 |   264 ||   648
Dodge: Dodged            |    42 |    26 |   104 |   240 |   164 ||   576
Block: Shield            |    42 |    53 |   147 |   494 |       ||   736
       Large shield      |       |       |       |    71 |   408 ||   479
